 Dungeon Crawl Stone Soup version 0.21.0-26-g889b8f6 (webtiles) character file.

356 Megalobster the Cudgeler (level 6, 0/48 HPs)
             Began as a Demonspawn Abyssal Knight on Jan 28, 2018.
             Was a Believer of Lugonu.
             Killed from afar by an orc wizard (10 damage)
             ... with a magic dart
             ... on level 3 of the Dungeon.
             The game lasted 00:07:55 (3116 turns).

Megalobster the Cudgeler (DsAK)                     Turns: 3116, Time: 00:07:55

Health: 0/48       AC:  6    Str: 14    XL:     6   Next: 36%
Magic:  9/9        EV: 10    Int: 14    God:    Lugonu [**....]
Gold:   153        SH:  0    Dex: 12    Spells: 5/5 levels left

rFire    . . .     SeeInvis .   t - +0 flail
rCold    . . .     Gourm    .   (no shield)
rNeg     . . .     Faith    .   m - +0 ring mail
rPois    .         Spirit   .   (helmet restricted)
rElec    .         Reflect  .   (no cloak)
rCorr    .         Harm     .   u - +0 pair of gloves
MR       +....                  (no boots)
Stlth    +.........             (no amulet)
HPRegen  0.16/turn              r - ring of protection from magic
MPRegen  0.11/turn              (no ring)

@: no status effects
A: antennae 2
a: Depart the Abyss, Bend Space, Renounce Religion


You were on level 3 of the Dungeon.
You worshipped Lugonu.
Lugonu was pleased with you.
You were not hungry.

You visited 1 branch of the dungeon, and saw 4 of its levels.
You visited the Abyss 1 time.

You collected 153 gold pieces.

Inventory:

Hand Weapons
 a - a +1 mace
 t - a +0 flail (weapon)
Missiles
 d - 6 tomahawks (quivered)
 p - 78 stones
Armour
 b - a +0 leather armour
 e - a +0 chain mail
 m - a +0 ring mail (worn)
 u - a +0 pair of gloves (worn)
 v - a +2 shield
Jewellery
 r - a ring of protection from magic (left hand)
Scrolls
 g - 2 scrolls of teleportation {unknown}
 h - a scroll of enchant weapon {unknown}
 j - 2 scrolls of noise {unknown}
 n - 5 scrolls of identify {unknown}
 o - 5 scrolls of remove curse {unknown}
Potions
 i - a potion of curing {@q1}
 k - a potion of haste
 l - a potion of ambrosia {unknown}
 q - a potion of brilliance {unknown}
 s - a potion of heal wounds {unknown}
Comestibles
 c - a ration


   Skills:
 + Level 4.2 Fighting
 * Level 4.3 Maces & Flails
 + Level 3.0 Armour
 - Level 0.8 Dodging
 + Level 4.1 Invocations


You had 5 spell levels left.
You didn't know any spells.

Dungeon Overview and Level Annotations

Branches:
Dungeon (4/15)
 Temple: D:4-7

Altars:
Fedhas
Nemelex Xobeh

Annotations:
D:3 Megalobster's ghost, amateur DsAK


Innate Abilities, Weirdness & Mutations

You have a pair of antennae on your head.


Message History

The orc wizard is moderately wounded.
The orc wizard hits you with a dagger.
* * * LOW HITPOINT WARNING * * *
The orc wizard barely misses you.
You take 1 damage, and have 11/48 hp.
You sock the orc wizard!
The orc wizard is severely wounded.
The orc wizard casts a spell.
The orc wizard flickers and vanishes!
Deactivating autopickup; reactivate with Ctrl-A.
Something hits you but does no damage.
You closely miss something. Something hits you.
* * * LOW HITPOINT WARNING * * *
Something hits you but does no damage.
You take 2 damage, and have 10/48 hp.
You closely miss something.
You hear some strange, mumbled words.
A magic dart appears from out of thin air!
The magic dart hits you!
You die...

#.####.....########........
#................######.#..
#.####.....#####.# #)..#
#.# #.....#####.#### #.###
#.# ###.####.......# #.#
#.# #.# #.#####.# #.# #(#
#.# #.### #.###.#
#.######.####.#.###.....###
#.........@....#.##........
#.######..{[..#.###.#####..
#######.#
######.......#####.#
........# ####......>...#
######### ############


There were no monsters in sight!

Vanquished Creatures
  Sigmund (D:3)
  An orc wizard (D:3)
  2 orc priests (D:3)
  3 adders
  3 oozes
  A worm (D:2)
  2 dart slugs (D:1)
  2 leopard geckos
  2 orcs (D:3)
  6 bats
  8 giant cockroaches
  8 goblins
  6 hobgoblins
  2 jackals (D:3)
  3 quokkas (D:2)
  7 frilled lizards
  5 kobolds
  9 rats
71 creatures vanquished.

Notes
Turn   | Place    | Note
-------+----------+-------------------------------------------
     0 | Abyss:1  | Megalobster the Demonspawn Abyssal Knight began the quest for the Orb.
     0 | Abyss:1  | Reached XP level 1. HP: 18/18 MP: 2/2
    66 | Abyss:1  | Noticed an ancient zyme
    67 | D:1      | Escaped the Abyss
   241 | D:1      | Gained mutation: You have a pair of small antennae on your head. [demonic ancestry]
   241 | D:1      | Reached XP level 2. HP: 19/24 MP: 3/3
   469 | D:1      | Reached * piety under Lugonu
   594 | D:1      | Reached XP level 3. HP: 27/29 MP: 4/4
  1340 | D:2      | Reached XP level 4. HP: 32/35 MP: 6/6
  1532 | D:2      | Found a blossoming altar of Fedhas.
  1559 | D:2      | Reached ** piety under Lugonu
  1907 | D:3      | Reached XP level 5. HP: 18/42 MP: 7/7
  2114 | D:3      | Noticed Megalobster's ghost (amateur DsAK)
  2359 | D:3      | Noticed Sigmund
  2373 | D:3      | Killed Sigmund
  2373 | D:3      | Gained mutation: You have a pair of antennae on your head. [demonic ancestry]
  2373 | D:3      | Reached XP level 6. HP: 30/48 MP: 7/9
  2595 | D:3      | Found a sparkling altar of Nemelex Xobeh.
  3116 | D:3      | Killed from afar by an orc wizard

Skill      XL: |  1  2  3  4  5  6 |
---------------+-------------------+-----
Maces & Flails | 2 3 4 |  4.3
Armour         | 2 3 |  3.0
Invocations    | 3 4 |  4.1
Fighting       | 4 |  4.2
Dodging        | |  0.8

Action                   |  1- 3 |  4- 6 || total
-------------------------+-------+-------++-------
Melee: Mace              |   126 |    53 ||   179
       Flail             |       |    70 ||    70
Throw: Tomahawk          |       |     1 ||     1
Invok: Depart the Abyss  |     1 |       ||     1
  Use: Potion            |       |     4 ||     4
  Eat: Chunk             |     2 |     4 ||     6
       Ration            |       |     1 ||     1
Armor: Leather armour    |     9 |       ||     9
       Chain mail        |    43 |       ||    43
       Ring mail         |    22 |    45 ||    67
Dodge: Dodged            |    50 |    75 ||   125
